 Dungeon Crawl Stone Soup version 0.26.1-11-gd32895ea62 (webtiles) character file.

Game seed: 8848174368872974328

4634 Mesmaeker13 the Chiller (level 10, 0/63 HPs)
             Began as a Mummy Ice Elementalist on May 3, 2021.
             Was a Believer of Sif Muna.
             Slain by an azure jelly (1 damage)
             ... created by the vengeance of Jiyva
             ... on level 9 of the Dungeon.
             The game lasted 00:30:58 (13435 turns).

Mesmaeker13 the Chiller (Mummy Ice Elementalist)   Turns: 13435, Time: 00:30:58

Health: 0/63       AC:  7    Str: 10    XL:     10   Next: 20%
Magic:  11/25      EV: 15    Int: 20    God:    Sif Muna [**....]
Gold:   457        SH:  0    Dex: 12    Spells: 2/17 levels left

rFire    . . .     SeeInvis .   w - +0 whip (vamp)
rCold    + . .     Faith    .   (no shield)
rNeg     + + +     Spirit   .   a - +1 robe {rF+}
rPois    ∞         Reflect  .   l - +0 helmet
rElec    .         Harm     .   m - +0 cloak
rCorr    .         Rampage  .   u - +1 pair of gloves
Will     +....                  (no boots)
Stlth    ++........             t - amulet of regeneration
HPRegen  0.60/turn              d - ring of wizardry
MPRegen  0.19/turn              r - ring of magical power

@: frozen ramparts
A: no potions, fire vulnerability, cold resistance 1, negative energy resistance
3, torment resistance, unbreathing
a: Renounce Religion, Channel Magic


You were on level 9 of the Dungeon.
You worshipped Sif Muna.
Sif Muna was pleased with you.
You visited 2 branches of the dungeon, and saw 10 of its levels.

You collected 457 gold pieces.

Inventory:

Hand Weapons
 s - a +0 whip of freezing
 w - a +0 vampiric whip (weapon)
Missiles
 g - 3 throwing nets (quivered)
 v - 18 curare-tipped darts
Armour
 a - a +1 robe of fire resistance (worn)
 h - a +2 ring mail of fire resistance
 l - a +0 helmet (worn)
 m - a +0 cloak (worn)
 u - a +1 pair of gloves (worn)
Jewellery
 d - a ring of wizardry (left hand)
 k - an uncursed amulet of faith
 r - a ring of magical power (right hand)
 t - an amulet of regeneration (around neck)
Wands
 o - a wand of digging (7)
Scrolls
 b - a scroll of noise {unknown}
 e - a scroll of fear {unknown}
 f - 6 scrolls of teleportation
 i - a scroll of blinking
 j - 3 scrolls of enchant weapon
 n - 3 scrolls of enchant armour
 q - a scroll of amnesia
 x - a scroll of magic mapping {unknown}
 y - a scroll of immolation {unknown}


   Skills:
 + Level 6.8 Dodging
 - Level 1.5 Stealth
 - Level 4.3 Spellcasting
 + Level 4.6 Conjurations
 + Level 6.1 Summonings
 + Level 7.5 Ice Magic


You had 2 spell levels left.
You knew the following spells:

 Your Spells              Type           Power        Failure   Level
a - Freeze                Ice            100%         1%          1
b - Frozen Ramparts       Ice            68%          1%          3
c - Ozocubu's Armour      Ice            34%          1%          3
d - Summon Ice Beast      Ice/Summ       31%          3%          4
e - Hailstorm             Conj/Ice       28%          4%          4

Your spell library contained the following spells:

 Spells                   Type           Power        Failure   Level
 Summon Small Mammal      Summ           100%         1%          1
 Animate Skeleton         Necr           8%           5%          1
 Apportation              Tloc           8%           5%          1
 Corona                   Hex            4%           5%          1


Dungeon Overview and Level Annotations

Branches:
Dungeon (9/15)             Temple (1/1) D:5
   Lair: D:8-11         Orc: D:9-12

Altars:
Ashenzari
Dithmenos
Elyvilon
Fedhas
Gozag
Hepliaklqana
Kikubaaqudgha
Makhleb
Nemelex Xobeh
Okawaru
Qazlal
Ru
Sif Muna
Trog
Uskayaw
Vehumet
Wu Jian
Xom
Yredelemnul
Zin
The Shining One
Jiyva

Shops:
D:6 *


Innate Abilities, Weirdness & Mutations

You do not drink.
Your flesh is vulnerable to fire.
You are immune to poison.
Your flesh is cold resistant. (rC+)
You are immune to negative energy. (rN+++)
You are immune to unholy pain and torment.
You can survive without breathing.


Message History

The azure jelly is lightly wounded.
The azure jelly hits you! The azure jelly freezes you!! You resist.
The azure jelly hits you. The azure jelly freezes you! You resist.
The azure jelly hits you. The azure jelly barely misses you.
The floating eye's view fixates on you. The slime creature hits your ice beast.
Casting: Freeze (safe; 1% risk of failure)
Confirm with . or Enter, or press ? or * to list all spells.
Aiming: Freeze (safe; 1% risk of failure)
Press: ? - help, Shift-Dir - straight line, f/p - azure jelly
Aim: an azure jelly (lightly wounded, durably summoned)
The azure jelly resists.
You freeze the azure jelly.
The azure jelly is lightly wounded.
The wall freezes the glowing orange brain.
The azure jelly closely misses you. The azure jelly hits you!
* * * LOW HITPOINT WARNING * * *
The azure jelly freezes you! You resist.
* * * LOW HITPOINT WARNING * * *
The azure jelly hits you.
You die...

###### ###############
.....# #.............#
.....# #.............#
####.# #.............#
..##.####.............#
...#...†#......)......#
...#..#.†.....J.......#
......###.....GYJ.....#
...#.## #......Y@G....#
O..#.# ###'############
.^##.# #.÷.#
####.###÷######## ..
..##.......... ...
###.Y........ ..
#............
+.#..........
###.YY.......


You could see an azure jelly, a slime creature, a glowing orange brain, a
floating eye (charged) and 2 friendly ice beasts.

Vanquished Creatures
  Pikel (D:4)
  Joseph (D:8)
  Prince Ribbit (D:7)
  2 yaks (D:9)
  2 wyverns (D:9)
  A water moccasin (D:9)
  An ice beast (D:5)
  2 sky beasts
  An orc warrior (D:7)
  3 centaurs
  3 lemures (D:4)
  2 bullfrogs (D:7)
  A big kobold (D:7)
  3 scorpions
  14 jellies
  5 killer bees (D:8)
  2 howler monkeys (D:8)
  A crimson imp (D:4)
  3 orc priests
  A hound (D:4)
  Crazy Yiuf (D:2)
  6 orc wizards
  An iguana (D:7)
  A worker ant zombie (D:5)
  5 adders
  2 ufetubi
  2 oozes
  5 worms
  3 dart slugs
  2 leopard geckos
  26 orcs
  5 ball pythons
  4 giant cockroaches
  9 hobgoblins
  A jackal (D:5)
  9 kobolds
  5 quokkas
  7 bats
  3 frilled lizards
  14 goblins
  A goblin skeleton (D:4)
  3 goblin zombies (D:4)
  3 hobgoblin zombies (D:4)
  A jackal skeleton (D:5)
  A kobold skeleton (D:4)
  A kobold zombie (D:4)
  5 orc skeletons (D:4)
  An orc zombie (D:4)
  A quokka skeleton (D:4)
  8 rats
186 creatures vanquished.

Vanquished Creatures (collateral kills)
  Maggie (D:7)
  A troll (D:6)
  Grinder (D:3)
  A nameless horror (D:2)
  A wyvern (D:9)
  3 yaks (D:9)
  A water moccasin (D:9)
  2 orc warriors (D:8)
  An ice beast (D:6)
  A sky beast (D:5)
  2 ogres
  2 bullfrogs (D:6)
  A wyvern zombie (D:8)
  A scorpion (D:6)
  A jelly (D:6)
  2 hounds
  A centaur skeleton (D:4)
  2 orc priests
  A bullfrog zombie (D:8)
  5 orc wizards
  A killer bee zombie (D:8)
  2 adders
  2 white imps
  An ufetubus (D:8)
  6 orcs
43 creatures vanquished.

Vanquished Creatures (others)
  8 jellies
  3 centaurs
  2 scorpions (D:5)
  An adder (D:5)
  A jackal (D:5)
  2 fungi (D:9)
  20 plants (D:9)
37 creatures vanquished.

Grand Total: 266 creatures vanquished

Notes
Turn   | Place    | Note
-------+----------+-------------------------------------------
     0 | D:1      | Mesmaeker13 the Mummy Ice Elementalist began the quest for
                  | the Orb.
     0 | D:1      | Reached XP level 1. HP: 13/13 MP: 4/4
   240 | D:1      | Reached XP level 2. HP: 13/19 MP: 0/6
  1313 | D:2      | Reached XP level 3. HP: 24/24 MP: 2/7
  1317 | D:2      | Learned a level 3 spell: Frozen Ramparts
  1581 | D:2      | Found a runed translucent door.
  1582 | D:2      | Noticed Crazy Yiuf
  2211 | D:2      | Found a bloodstained altar of Trog.
  2341 | D:2      | Reached XP level 4. HP: 29/30 MP: 6/9
  2724 | D:2      | Learned a level 3 spell: Ozocubu's Armour
  3109 | D:3      | Found a sparkling altar of Nemelex Xobeh.
  3375 | D:3      | Reached skill level 4 in Ice Magic
  3490 | D:3      | Learned a level 4 spell: Summon Ice Beast
  3903 | D:3      | Noticed Grinder
  4033 | D:4      | Noticed a lemure
  4034 | D:4      | Noticed a lemure
  4034 | D:4      | Noticed a lemure
  4034 | D:4      | Noticed a lemure
  4034 | D:4      | Noticed Pikel
  4047 | D:4      | Killed a lemure
  4049 | D:4      | Killed a lemure
  4613 | D:4      | Reached XP level 5. HP: 35/35 MP: 11/11
  4667 | D:4      | Reached skill level 1 in Summonings
  4910 | D:4      | Killed a lemure
  4913 | D:4      | Killed Pikel
  4914 | D:4      | Reached XP level 6. HP: 41/41 MP: 8/12
  4914 | D:4      | Reached XP level 7. HP: 46/46 MP: 8/13
  5391 | D:4      | Found an ornate altar of the Wu Jian Council.
  5532 | D:4      | Found a glowing golden altar of the Shining One.
  5537 | D:4      | Reached skill level 5 in Ice Magic
  5924 | D:3      | Killed Grinder
  6400 | D:2      | Noticed a nameless horror
  6682 | D:2      | Killed a nameless horror
  6847 | D:2      | Killed Crazy Yiuf
  6981 | D:5      | Entered Level 5 of the Dungeon
  7213 | D:5      | Found a staircase to the Ecumenical Temple.
  7222 | Temple   | Entered the Ecumenical Temple
  7309 | Temple   | Became a worshipper of Jiyva Juodemme the Shapeless
  7679 | D:5      | Reached * piety under Jiyva
  7720 | D:5      | Reached XP level 8. HP: 52/52 MP: 14/14
  8146 | D:5      | Found a glowing silver altar of Zin.
  8407 | D:6      | Learned a level 4 spell: Hailstorm
  8487 | D:6      | Reached ** piety under Jiyva
  8495 | D:6      | Noticed a troll
  8726 | D:6      | Found Niuheguj's Assorted Antiques.
  9095 | D:6      | Killed a troll
  9096 | D:6      | Reached skill level 5 in Dodging
  9096 | D:6      | Reached skill level 1 in Conjurations
  9445 | D:6      | Found an iron altar of Okawaru.
  9533 | D:7      | Found a broken altar of Ashenzari.
  9607 | D:7      | Reached *** piety under Jiyva
  9675 | Temple   | Fell from the grace of Jiyva
  9675 | Temple   | Became a worshipper of Sif Muna the Loreminder
  9981 | D:7      | Reached skill level 6 in Ice Magic
  9983 | D:7      | Noticed Prince Ribbit
  9996 | D:7      | Killed Prince Ribbit
 10693 | D:7      | Reached XP level 9. HP: 52/57 MP: 15/15
 10739 | D:7      | Reached * piety under Sif Muna
 10773 | D:7      | Noticed Maggie
 10785 | D:7      | Killed Maggie
 11278 | D:8      | Reached skill level 5 in Summonings
 11953 | D:8      | Noticed Joseph
 12239 | D:8      | Killed Joseph
 12240 | D:8      | Reached skill level 7 in Ice Magic
 12500 | D:8      | Noticed an acid blob
 12784 | D:8      | Found a basalt altar of Yredelemnul.
 12784 | D:8      | Found a stormy altar of Qazlal.
 12787 | D:8      | Found a shadowy altar of Dithmenos.
 12867 | D:8      | Found a radiant altar of Vehumet.
 13060 | D:9      | Found an ancient bone altar of Kikubaaqudgha.
 13115 | D:9      | Reached ** piety under Sif Muna
 13116 | D:9      | Reached XP level 10. HP: 38/63 MP: 6/16
 13432 | D:9      | Noticed an azure jelly
 13432 | D:9      | Noticed a glowing orange brain
 13435 | D:9      | HP: 1/63 [azure jelly[the vengeance of Jiyva] (12)]
 13435 | D:9      | Slain by an azure jelly

Illustrated notes

Levels and vault maps discovered:
D:1:      roderic_chinese_lattice_arrival, layout_basic, minmay_heptomino_h4
D:2:      layout_basic, marbit_many_paths, st_stairs_9, uniq_crazy_yiuf_cottage
D:3:      layout_loops_corners, general_overflow_altar,
          kennysheep_generic_room_10, uniq_grinder
D:4:      layout_basic, nzn_wu_jian_council_hall, nicolae_tso_besieged_by_evil,
          uniq_pikel
D:5:      layout_gridville, zin_academy, minmay_temple_entry_large_hall,
          kennysheep_generic_room_16
D:6:      layout_cave_pods, lemuel_coloured_pillars_altar, serial_shops, shop
D:7:      layout_gridville, evilmike_ruin_ashenzari, uniq_maggie,
          uniq_prince_ribbit1
D:8:      layout_loops_ring, minitemple, uniq_joseph
D:9:      layout_roguey, old_standard_altar, lemuel_round_altar,
          minmay_lair_entry_grove, the_bakery
Temple:   pf_slimified_temple

Skill      XL: |  1  2  3  4  5  6  7  8  9 10 |
---------------+-------------------------------+-----
Spellcasting   | 3 4 |  4.3
Dodging        | 2 3 4 5 6 |  6.8
Ice Magic      | 4 5 6 7 |  7.5
Summonings     | 2 3 4 5 6 |  6.1
Conjurations   | 2 4 |  4.6
Stealth        | |  1.5

Action                   |  1- 3 |  4- 6 |  7- 9 | 10-12 || total
-------------------------+-------+-------+-------+-------++-------
Melee: Unarmed           |     1 |       |       |       ||     1
       Mace              |     7 |    18 |   168 |       ||   193
       Whip              |       |       |     7 |       ||     7
Throw: Dart              |       |     1 |       |       ||     1
       Throwing net      |       |     1 |       |       ||     1
 Cast: Freeze            |    71 |    37 |    89 |     8 ||   205
       Frozen Ramparts   |     1 |    10 |    46 |     4 ||    61
       Ozocubu's Armour  |       |     6 |    14 |       ||    20
       Summon Ice Beast  |       |     2 |    60 |     6 ||    68
  Use: Scroll            |     3 |     2 |     6 |       ||    11
 Stab: Sleeping          |     1 |     2 |     2 |       ||     5
       Distracted        |       |       |     1 |       ||     1
Armor: Robe              |    11 |    17 |    77 |       ||   105
       Troll leather arm |       |       |    12 |       ||    12
Dodge: Dodged            |    40 |    52 |   210 |     4 ||   306
